 Dungeon Crawl Stone Soup version 0.29-a0-323-g050149af67 (webtiles) character file.

Game seed: 14485345573387095026

112 jmlagarto the Skirmisher (level 4, -11/41 HPs)
             Began as a Hill Orc Fighter on Apr 10, 2022.
             Was an Initiate of Gozag.
             Mangled by Sigmund
             ... wielding a +0 scythe
              (15 damage)
             ... on level 2 of the Dungeon.
             The game lasted 00:03:39 (2189 turns).

jmlagarto the Skirmisher (Hill Orc Fighter)         Turns: 2189, Time: 00:03:39

Health: -11/41     AC: 13    Str: 20    XL:     4   Next: 95%
Magic:  4/4        EV:  5    Int:  8    God:    Gozag
Gold:   175        SH:  0    Dex: 10    Spells: 3/3 levels left

rFire   . . .      SeeInvis .   a - +0 war axe
rCold   . . .      Faith    .   c - +0 buckler
rNeg    . . .      Spirit   .   j - +0 plate armour
rPois   .          Reflect  .   (no helmet)
rElec   .          Harm     .   (no cloak)
rCorr   .          Rampage  .   (no gloves)
Will    .....                   l - +0 pair of boots
Stlth   ..........              (no amulet)
HPRegen 0.13/turn               (no ring)
MPRegen 0.09/turn               (no ring)

@: confused, mighty
A: mutation resistance 1
a: Renounce Religion, Potion Petition, Call Merchant, Bribe Branch


You were on level 2 of the Dungeon.
You worshipped Gozag.
Gozag was aware of your devotion.
You visited 1 branch of the dungeon, and saw 2 of its levels.

You collected 175 gold pieces.

Inventory:

Hand Weapons
 a - a +0 war axe (weapon)
Armour
 c - a +0 buckler (worn)
 j - a +0 plate armour (worn)
 l - a +0 pair of boots (worn)
Jewellery
 k - a ring of ice
Scrolls
 b - a scroll of fear
 i - 2 scrolls of teleportation
Potions
 d - 3 potions of might
 g - 2 potions of degeneration
 h - a potion of lignification {unknown}
 m - a potion of attraction {unknown}


   Skills:
 + Level 4.5 Fighting
 + Level 3.9 Axes
 + Level 4.1 Armour
 + Level 4.1 Shields


You had 3 spell levels left.
You didn't know any spells.
Your spell library was empty.

Dungeon Overview and Level Annotations

Branches:
Dungeon (2/15)

Altars:
Gozag

Annotations:
D:2 Sigmund


Innate Abilities, Weirdness & Mutations

You are somewhat resistant to further mutation.


Message History

A hobgoblin comes into view.
There are monsters nearby!
Sigmund casts a spell at you. You resist with some effort.
You hit Sigmund.
Sigmund is lightly wounded.
Sigmund casts a spell.
Sigmund flickers and vanishes!
Deactivating autopickup; reactivate with Ctrl-A.
Something hits you.
You closely miss something. Something hits you!
You barely miss something. You hit something.
You hear some strange, mumbled words.
Something tries to affect you, but you resist.
You miss something. Something hits you but does no damage.
You miss something. You block something's attack.
You completely miss something.
You hear some strange, mumbled words.
A puff of flame appears from out of thin air!
The puff of flame hits you but does no damage.
You closely miss something. Something hits you but does no damage.
You barely miss something.
You hear some strange, mumbled words.
A puff of flame appears from out of thin air!
The puff of flame hits you!
You slash something! Something hits you but does no damage.
You closely miss something. Something hits you.
You barely miss something. Something hits you.
You closely miss something. Something hits you.
You miss something. Something hits you!
* * * LOW HITPOINT WARNING * * *
You feel very mighty all of a sudden.
You miss something.
You hear some strange, mumbled words.
You are confused.
You bump into the rock wall.
Something hits you but does no damage.
You miss something. Something hits you!
You die...
Your body crumbles into a pile of gold.

#### #.[# # #..## ##
##...### .# #..#...####
.#### #.####...@# ....# #.#
####.{g.# ###.####.#
####..... ###....#.# #...
.........# ##### #
.........# #########8^.#8#
.........# ##.......#.#.#^#
.........####..#######.....
..######......## ####....#


You could see a hobgoblin.

Vanquished Creatures
  Jessica (D:2)
  Robin (D:2)
  A worm (D:2)
  A ball python (D:1)
  4 bats (D:2)
  7 endoplasms
  5 giant cockroaches
  13 goblins
  9 hobgoblins
  5 jackals (D:1)
  7 kobolds
  2 quokkas (D:2)
  2 frilled lizards
  A rat (D:1)
59 creatures vanquished.

Notes
Turn   | Place    | Note
-------+----------+-------------------------------------------
     0 | D:1      | jmlagarto the Hill Orc Fighter began the quest for the Orb.
     0 | D:1      | Reached XP level 1. HP: 19/19 MP: 1/1
     1 | D:1      | Found a runed translucent door.
    28 | D:1      | Reached XP level 2. HP: 11/27 MP: 2/2
   544 | D:1      | Reached XP level 3. HP: 33/33 MP: 3/3
  1265 | D:2      | Gained mutation: You are somewhat resistant to further
                  | mutation. [potion of mutation]
  1724 | D:2      | Noticed Robin
  1725 | D:2      | Found a faded altar of an unknown god.
  1732 | D:2      | Reached XP level 4. HP: 40/40 MP: 4/4
  1749 | D:2      | Killed Robin
  1761 | D:2      | Prayed at the altar of an unknown god.
  1761 | D:2      | Became a worshipper of Gozag Ym Sagoz the Greedy
  1913 | D:2      | Noticed Jessica
  1922 | D:2      | Killed Jessica
  2168 | D:2      | Noticed Sigmund
  2189 | D:2      | Mangled by Sigmund

Illustrated notes

Levels and vault maps discovered:
D:1:      dpeg_arrival_caged_fury, layout_basic, minmay_misc_feat_rugged
D:2:      layout_rooms, shapermc_ecumenical_altar_mp_highgroup, uniq_jessica,
          uniq_sigmund, uniq_robin

Skill      XL: |  1  2  3  4 |
---------------+-------------+-----
Axes           | 3 |  3.9
Fighting       | 4 |  4.5
Shields        | 4 |  4.1
Armour         | 4 |  4.1

Action                   |  1- 3 |  4- 6 || total
-------------------------+-------+-------++-------
Melee: War axe           |    93 |    61 ||   154
  Use: Scroll            |     4 |       ||     4
       Potion            |     1 |     1 ||     2
Armor: Scale mail        |    30 |       ||    30
       Plate armour      |    27 |    39 ||    66
Dodge: Dodged            |    46 |    15 ||    61
Block: Buckler           |    22 |     5 ||    27

Table legend: (Time is in decaauts)
 A = Elapsed time spent in this place.
 B = Non-inter-level travel time spent in this place.
 C = Inter-level travel time spent in this place.
 D = Time resting spent in this place.
 E = Time spent auto-exploring this place.
 F = Levels seen in this place.
 G = Mean time per level.
                   A        B        C        D        E       F      G
               +--------+--------+--------+--------+--------+-----+--------+
         Total |   2244 |   2221 |     23 |    220 |   1621 |   2 | 1122.0 |
       Dungeon |   2244 |   2221 |     23 |    220 |   1621 |   2 | 1122.0 |
               +--------+--------+--------+--------+--------+-----+--------+

Top non-repeatable levels by time:
     D:2: 1163 daAuts
     D:1: 1081 daAuts
